Map: Jagannatha LE

Players

GunGFuBanDa - Winner!

  • Race: Protoss Protoss

Harstem

  • Race: Protoss Protoss

Event: DreamHack SC2 Masters 2021 Fall

VOD

Have the link to the VOD?

Description

Time

  • Played on: Aug. 3, 2021, 12:32 p.m.
  • Length: 9:19

All games in this series

Show
View Real Time Build Order
Export as new Build Order

GunGFuBanDa Protoss - Winner!

Build Orders: Blink Stalkers 

Get SALT Encoding   

  12  0:00  Probe  
  13  0:12  Probe  
  14  0:18  Pylon  
  14  0:24  Probe (Chrono Boost)  
  15  0:37  Probe (Chrono Boost)  
  15  0:38  Gateway  
  16  0:44  Probe (Chrono Boost)  
  16  0:46  Assimilator  
  17  0:51  Probe (Chrono Boost)  
  17  0:55  Assimilator  
  18  1:03  Probe (Chrono Boost)  
  19  1:08  Gateway  
  19  1:12  Probe (Chrono Boost)  
  19  1:18  Probe  
  20  1:25  Cybernetics Core  
  21  1:30  Probe  
  22  1:36  Pylon  
  22  1:43  Probe  
  23  1:56  Probe  
  24  2:01  Stalker x2  
  24  2:02  Warp Gate  
  28  2:08  Probe  
  29  2:17  Twilight Council  
  29  2:23  Shield Battery  
  29  2:37  Stalker  
  29  2:40  Pylon  
  31  2:50  Blink (Chrono Boost)  
  31  3:00  Shield Battery  
  30  3:06  Gateway  
  30  3:10  Probe  
  31  3:16  Stalker  
  33  3:42  Pylon  
  33  3:51  Stalker  
  33  3:55  Stalker  
  37  3:59  Pylon  
  37  4:00  Pylon  
  37  4:02  Stalker  
  39  4:19  Stalker  
  39  4:20  Stalker  
  43  4:24  Gateway  
  43  4:25  Stalker  
  45  4:44  Gateway  
  45  4:56  Stalker  
  45  4:57  Stalker  
  47  5:16  Nexus  
  46  5:26  Adept  
  46  5:27  Adept  
  50  5:34  Sentry, Probe  
  53  5:46  Probe (Chrono Boost)  
  53  5:48  Sentry x2  
  58  5:51  Pylon  
  58  5:57  Probe (Chrono Boost)  
  58  6:03  Forge  
  57  6:11  Probe  
  58  6:24  Probe (Chrono Boost)  
  59  6:26  Stalker x2  
  59  6:28  Probe (Chrono Boost)  
  64  6:35  Probe (Chrono Boost)  
  64  6:37  Protoss Ground Weapons Level 1  
  64  6:38  Probe (Chrono Boost)  
  66  6:40  Probe (Chrono Boost)  
  67  6:48  Robotics Facility  
  67  6:50  Probe  
  68  6:56  Probe  
  69  7:03  Probe  
  69  7:08  Probe  
  67  7:15  Probe  
  68  7:28  Probe x2  
  62  7:40  Charge (Chrono Boost), Probe x2  
  62  7:44  Stalker x4  
  62  7:46  Observer (Chrono Boost)  
  62  7:48  Assimilator  
  62  7:51  Pylon  
  71  7:52  Gateway, Probe x2  
  71  7:53  Gateway  
  73  7:58  Warp Prism (Chrono Boost)  
  73  8:01  Assimilator  
  75  8:07  Templar Archives  
  75  8:20  Zealot x4  
  83  8:46  Nexus  
  83  8:47  Pylon  
  83  8:48  High Templar x2, Zealot  
  87  8:52  Archon  
  89  9:08  Zealot x3  
Show
View Real Time Build Order
Export as new Build Order

Harstem Protoss 

Build Orders:  

Get SALT Encoding   

  12  0:01  Probe  
  13  0:13  Probe  
  14  0:17  Pylon  
  14  0:25  Probe (Chrono Boost)  
  15  0:37  Probe (Chrono Boost)  
  15  0:38  Gateway  
  16  0:45  Probe (Chrono Boost)  
  16  0:48  Assimilator  
  17  0:51  Probe  
  17  0:55  Assimilator  
  18  1:03  Probe (Chrono Boost)  
  19  1:09  Gateway  
  19  1:13  Probe (Chrono Boost)  
  19  1:18  Probe (Chrono Boost)  
  21  1:26  Cybernetics Core  
  21  1:30  Probe  
  22  1:36  Pylon  
  22  1:42  Probe  
  23  1:58  Probe  
  24  2:02  Robotics Facility  
  24  2:04  Stalker  
  24  2:05  Warp Gate  
  26  2:12  Stalker  
  28  2:20  Pylon  
  28  2:29  Pylon  
  29  2:35  Stalker  
  30  2:42  Stalker  
  32  2:51  Immortal (Chrono Boost)  
  35  3:05  Shield Battery  
  35  3:09  Pylon  
  35  3:20  Warp Prism (Chrono Boost)  
  37  3:30  Sentry  
  43  3:55  Immortal  
  43  4:17  Sentry  
  43  4:19  Nexus  
  43  4:20  Sentry  
  47  4:26  Pylon  
  51  4:46  Sentry  
  51  4:52  Shield Battery  
  53  4:55  Pylon  
  49  5:07  Robotics Facility  
  49  5:14  Probe  
  50  5:15  Sentry, Zealot  
  54  5:24  Shield Battery  
  54  5:26  Probe  
  55  5:33  Probe  
  56  5:38  Probe (Chrono Boost)  
  57  5:45  Shield Battery  
  57  5:46  Probe (Chrono Boost)  
  57  5:47  Immortal  
  59  5:50  Probe (Chrono Boost)  
  59  5:56  Probe (Chrono Boost)  
  60  5:58  Probe (Chrono Boost)  
  60  6:01  Probe (Chrono Boost)  
  60  6:03  Pylon  
  62  6:06  Twilight Council  
  62  6:08  Shield Battery  
  62  6:14  Pylon  
  62  6:20  Forge  
  62  6:21  Probe x2  
  64  6:30  Shield Battery  
  64  6:33  Probe x2 (Chrono Boost)  
  64  6:35  Immortal  
  70  6:40  Pylon, Blink  
  70  6:46  Probe (Chrono Boost)  
  71  6:49  Probe (Chrono Boost)  
  71  6:51  Probe (Chrono Boost)  
  73  6:54  Probe (Chrono Boost)  
  73  6:59  Shield Battery  
  73  7:00  Probe  
  75  7:06  Probe  
  74  7:08  Protoss Ground Weapons Level 1  
  74  7:11  Assimilator  
  74  7:12  Probe  
  74  7:18  Probe  
  70  7:24  Probe  
  70  7:28  Stalker x2  
  66  7:30  Probe  
  66  7:36  Probe (Chrono Boost)  
  65  7:41  Immortal  
  64  7:48  Gateway, Probe x2 (Chrono Boost), Immortal  
  64  7:50  Pylon  
  69  7:53  Stalker x2  
  69  7:56  Probe (Chrono Boost)  
  75  8:02  Pylon  
  75  8:03  Probe  
  75  8:05  Gateway  
  75  8:16  Stalker x2, Probe  
  80  8:26  Probe  
  81  8:31  Probe  
  82  8:41  Probe  
  82  8:45  Stalker x2  
  86  8:51  Nexus  
  86  8:53  Pylon  
  86  8:54  Observer (Chrono Boost)  
  86  8:55  Stalker  
  81  9:14  Stalker x3  

Tags
 
Add a new tag
Caveats
  • Supply blocks, unpowered buildings, or Contaminate may cause inaccurate times.
  • Supply counts are checked every 10 seconds.